 Dungeon Crawl Stone Soup version 0.29.1-1-gd02db6906a (webtiles) character file.

Game seed: 9411944752220838001

26 Orsonium the Gusty (level 3, -10/24 HPs)
             Began as a Human Air Elementalist on Sept 21, 2022.
             Mangled by a worm (11 damage)
             ... on level 2 of the Dungeon.
             The game lasted 00:03:19 (1671 turns).

Orsonium the Gusty (Human Air Elementalist)         Turns: 1671, Time: 00:03:20

Health: -10/24     AC:  3    Str:  8    XL:     3   Next: 22%
Magic:  3/6        EV: 12    Int: 17    God:
Gold:   83         SH:  0    Dex: 13    Spells: 5/6 levels left

rFire   . . .      SeeInvis +   (no weapon)
rCold   . . .      Faith    .   (no shield)
rNeg    . . .      Spirit   .   a - +0 robe
rPois   .          Reflect  .   (no helmet)
rElec   .          Harm     .   j - +0 cloak
rCorr   .          Rampage  .   (no gloves)
Will    .....                   (no boots)
Stlth   ++........              (no amulet)
HPRegen 0.08/turn               k - ring of see invisible
MPRegen 0.10/turn               (no ring)

@: no status effects
A: no striking features
a: no special abilities


You were on level 2 of the Dungeon.
You visited 1 branch of the dungeon, and saw 2 of its levels.

You collected 83 gold pieces.

Inventory:

Armour
 a - a +0 robe (worn)
 j - a +0 cloak (worn)
Jewellery
 k - a ring of see invisible (left hand)
Scrolls
 d - a scroll of identify {unknown}
 f - 4 scrolls of teleportation {unknown}
 i - a scroll of vulnerability {unknown}
 l - a scroll of brand weapon {unknown}
 m - a scroll of enchant armour {unknown}
Potions
 b - a potion of magic
 c - a potion of curing {unknown}
 e - a potion of degeneration {unknown}
 g - a potion of haste {unknown}
 h - a potion of invisibility {unknown}
 n - a potion of heal wounds {unknown}
 o - a potion of might {unknown}
 p - a potion of mutation {unknown}


   Skills:
 + Level 2.3 Dodging
 + Level 2.1 Stealth
 + Level 0.3 Unarmed Combat
 + Level 2.2 Spellcasting
 + Level 1.1 Conjurations
 + Level 3.5 Air Magic


You had 5 spell levels left.
You knew the following spells:

 Your Spells              Type           Power      Damage    Failure   Level
a - Shock                 Conj/Air       36%        1d5       8%          1

Your spell library contained the following spells:

 Spells                   Type           Power      Damage    Failure   Level
 Static Discharge         Conj/Air       9%         3-5/arc   11%         2
 Swiftness                Air            13%        N/A       14%         3
 Mephitic Cloud           Conj/Pois/Air  7%         N/A       30%         3
 Airstrike                Air            6%         2d(1-17)  41%         4
 Ignite Poison            Fire/Tmut/Pois 1%         N/A       50%         3
 Summon Guardian Golem    Hex/Summ       1%         N/A       50%         3
 Freezing Cloud           Conj/Ice/Air   3%         6-21      95%         5
 Orb of Destruction       Conj           2%         9d5       100%        7
 Spellforged Servitor     Conj/Summ      1%         N/A       100%        7


Dungeon Overview and Level Annotations

Branches:
Dungeon (2/15)

Altars:

Shops:
D:1 [


Message History

You hit the worm but do no damage.
The worm is heavily wounded.
You hit the worm.
The worm is heavily wounded.
The worm bites you!
You hit the worm but do no damage.
The worm is heavily wounded.
You barely miss the worm.
The worm is heavily wounded.
The worm barely misses you.
You barely miss the worm.
The worm is moderately wounded.
The worm barely misses you.
You hit the worm but do no damage.
The worm is moderately wounded.
You hit the worm.
The worm is heavily wounded.
The worm closely misses you.
You hit the worm but do no damage.
The worm is moderately wounded.
You hit the worm.
The worm is heavily wounded.
The worm bites you!
* * * LOW HITPOINT WARNING * * *
You hit the worm but do no damage.
The worm is moderately wounded.
The worm closely misses you.
You hit the worm.
The worm is moderately wounded.
You hit the worm.
The worm is heavily wounded.
The worm bites you.
* * * LOW HITPOINT WARNING * * *
You hit the worm but do no damage.
The worm is moderately wounded.
You are too injured to fight recklessly!
You hit the worm but do no damage. You punch the worm.
The worm is heavily wounded.
The worm bites you!
You die...

+..#........#
#..#...##..#
#....#..#..#
#..####.#..#
#..# #.>..#
#..# ##.#.#
#..# #.#.#
#######..#
#.#.#
......w@.#
#.#.#
##########
#.#.# #.#..
#.### # #.#
####
#.######...
#..........
########...
####


You could see a worm.

Vanquished Creatures
  An adder (D:2)
  A dart slug (D:1)
  A bat (D:1)
  2 endoplasms (D:2)
  A giant cockroach (D:1)
  2 goblins (D:1)
  A hobgoblin (D:2)
  A kobold (D:1)
  A quokka (D:2)
  2 frilled lizards
  A rat (D:1)
14 creatures vanquished.

Notes
Turn   | Place    | Note
-------+----------+-------------------------------------------
     0 | D:1      | Orsonium the Human Air Elementalist began the quest for the
                  | Orb.
     0 | D:1      | Reached XP level 1. HP: 13/13 MP: 3/3
    52 | D:1      | Found Xianaj's Antique Armour Boutique.
   276 | D:1      | Reached XP level 2. HP: 19/19 MP: 3/5
  1463 | D:2      | Reached XP level 3. HP: 20/24 MP: 1/6
  1669 | D:2      | HP: 1/24 [worm (4)]
  1671 | D:2      | Mangled by a worm

Illustrated notes

Levels and vault maps discovered:
D:1:      dpeg_arrival_concentric_ovals, layout_basic, serial_shops, shop,
          corexii_hall_statues_l
D:2:      layout_basic, serial_curves, eino_curves_02, eino_curves_04,
          eino_curves_01, minmay_door_square

Action                   || total
-------------------------++-------
Melee: Unarmed           ||    46
       Punch             ||     3
 Cast: Shock             ||    35
Armor: Robe              ||     7
Dodge: Dodged            ||    23
